MLB
OAKLAND ATHLETICS @ LOS ANGELES ANGELS
09/25/2019
 
TOP OF THE 1ST
Oakland Athletics batting - Pitching for Los Angeles Angels : RHP Stephen Strasburg
Pitching: RHP Stephen Strasburg
Batting: LHB Shin-Soo Choo 0-0: Called Strike
0-1: Called Strike
0-2: Ball
1-2: Strikes out swinging
Batting: RHB Mark Canha 0-0: Fly out, F7 (Flyball, 7, EV 91.3 MPH)
Batting: SHB Eduardo Escobar 0-0: Ball
1-0: DOUBLE (Groundball, 3L, EV 100.6 MPH)
Batting: LHB Didi Gregorius 0-0: Called Strike
0-1: Ball
1-1: Ball
2-1: Ground out 4-3 (Groundball, 4, EV 85.0 MPH)
Top of the 1st over - 0 runs, 1 hit, 0 errors, 1 left on base; Oakland 0 - Los Angeles 0
BOTTOM OF THE 1ST
Los Angeles Angels batting - Pitching for Oakland Athletics : RHP Mike Leake
Pitching: RHP Mike Leake
Batting: LHB Kevin Kiermaier 0-0: Called Strike
0-1: Swinging Strike
0-2: SINGLE (Line Drive, 34D, EV 105.0 MPH)
Batting: LHB Nick Markakis 0-0: Called Strike
0-1: Ball
1-1: Swinging Strike
1-2: Ball
2-2: SINGLE (Groundball, 34D, EV 103.8 MPH)
Kevin Kiermaier to second
Runner from 2nd tries for 3rd, SAFE, no throw by RF
Batting: RHB Wil Myers 0-0: Ball
1-0: Ball
2-0: Foul Ball, location: 2F
2-1: Ball
3-1: Base on Balls
Nick Markakis to second
Batting: RHB Trevor Story 0-0: Foul Ball, location: 2F
0-1: Ball
1-1: Foul Ball, location: 2F
1-2: Grounds into double play, U3-6 (Groundball, 3L, EV 83.8 MPH)
Kevin Kiermaier scores
Nick Markakis to third
Batting: RHB Wilmer Flores 0-0: Ball
1-0: Ball
2-0: Ball
3-0: Fly out, F9 (Line Drive, 9, EV 97.5 MPH)
Bottom of the 1st over - 1 run, 2 hits, 0 errors, 1 left on base; Oakland 0 - Los Angeles 1
TOP OF THE 2ND
Oakland Athletics batting - Pitching for Los Angeles Angels : RHP Stephen Strasburg
Batting: RHB Rhys Hoskins 0-0: Called Strike
0-1: Foul Ball, location: 2F
0-2: Fly out, F9 (Flyball, 9S, EV 96.9 MPH)
Batting: RHB Jose Abreu 0-0: Fly out, F9 (Flyball, 9LS, EV 98.8 MPH)
Batting: LHB Cory Spangenberg 0-0: Called Strike
0-1: Foul Ball, location: 2F
0-2: Strikes out looking
Top of the 2nd over - 0 runs, 0 hits, 0 errors, 0 left on base; Oakland 0 - Los Angeles 1
BOTTOM OF THE 2ND
Los Angeles Angels batting - Pitching for Oakland Athletics : RHP Mike Leake
Batting: LHB Joey Wendle 0-0: Ball
1-0: Called Strike
1-1: Called Strike
1-2: Ground out 5-3 (Groundball, 5, EV 107.5 MPH)
Batting: RHB Evan Longoria 0-0: DOUBLE (Flyball, 78D, EV 98.1 MPH)
Batting: RHB Tyler Austin 0-0: Ball
1-0: Fly out, F4 (Popup, 34S, EV 89.4 MPH)
Batting: RHB Mike Zunino 0-0: Ball
1-0: Foul Ball, location: 2F
1-1: SINGLE (Line Drive, 9LS, EV 102.5 MPH)
Evan Longoria to third
Runner from 3rd tries for Home, SAFE, throw by RF to home
Batting: LHB Kevin Kiermaier 0-0: Called Strike
0-1: Ball
1-1: Ball
2-1: Foul Ball, location: 2F
2-2: Fly out, F7 (Flyball, 7S, EV 86.9 MPH)
Bottom of the 2nd over - 1 run, 2 hits, 0 errors, 1 left on base; Oakland 0 - Los Angeles 2
TOP OF THE 3RD
Oakland Athletics batting - Pitching for Los Angeles Angels : RHP Stephen Strasburg
Batting: LHB Steven Duggar 0-0: Ball
1-0: Swinging Strike
1-1: Ball
2-1: Bunt - Flyout to 13! F1
Batting: RHB Kurt Suzuki 0-0: Ball
1-0: Ball
2-0: Ball
3-0: Ground out 5-3 (Groundball, 56S, EV 93.1 MPH)
Batting: LHB Shin-Soo Choo 0-0: Bunt for hit to 13 - play at first, batter OUT! 1-3
Top of the 3rd over - 0 runs, 0 hits, 0 errors, 0 left on base; Oakland 0 - Los Angeles 2
BOTTOM OF THE 3RD
Los Angeles Angels batting - Pitching for Oakland Athletics : RHP Mike Leake
Batting: LHB Nick Markakis 0-0: Foul Ball, location: 2F
0-1: Foul Ball, location: 2F
0-2: Foul Ball, location: 2F
0-2: Foul Ball, location: 2F
0-2: Fly out, F8 (Flyball, 8RD, EV 101.3 MPH)
Batting: RHB Wil Myers 0-0: Ball
1-0: Called Strike
1-1: Ball
2-1: Swinging Strike
2-2: Strikes out swinging
Batting: RHB Trevor Story 0-0: SOLO HOME RUN (Flyball, 78XD, EV 99.4 MPH), Distance : 392 ft
Batting: RHB Wilmer Flores 0-0: Ball
1-0: Foul Ball, location: 2F
1-1: Fly out, F3 (Popup, 3S, EV 73.8 MPH)
Bottom of the 3rd over - 1 run, 1 hit, 0 errors, 0 left on base; Oakland 0 - Los Angeles 3
TOP OF THE 4TH
Oakland Athletics batting - Pitching for Los Angeles Angels : RHP Stephen Strasburg
Batting: RHB Mark Canha 0-0: Foul Ball, location: 2F
0-1: Ball
1-1: Ball
2-1: Ball
3-1: Called Strike
3-2: Base on Balls
Batting: SHB Eduardo Escobar 0-0: Foul Ball, location: 2F
0-1: Ball
1-1: Swinging Strike
1-2: SINGLE (Groundball, 4, EV 105.6 MPH) (infield hit)
Mark Canha to second
Batting: LHB Didi Gregorius 0-0: Swinging Strike
0-1: Ball
1-1: Foul Ball, location: 2F
1-2: Ball
2-2: Foul Ball, location: 2F
2-2: Foul Ball, location: 2F
2-2: Foul Ball, location: 2F
2-2: Grounds into double play, U6-3 (Groundball, 4M, EV 95.0 MPH)
Mark Canha to third
Batting: RHB Rhys Hoskins 0-0: Called Strike
0-1: Swinging Strike
0-2: Fly out, F8 (Flyball, 8RD, EV 104.4 MPH)
Top of the 4th over - 0 runs, 1 hit, 0 errors, 1 left on base; Oakland 0 - Los Angeles 3
BOTTOM OF THE 4TH
Los Angeles Angels batting - Pitching for Oakland Athletics : RHP Mike Leake
Batting: LHB Joey Wendle 0-0: Ground out U3 (Groundball, 3L, EV 88.1 MPH)
Batting: RHB Evan Longoria 0-0: Ball
1-0: Ball
2-0: SOLO HOME RUN (Flyball, 9D, EV 97.5 MPH), Distance : 355 ft
Batting: RHB Tyler Austin 0-0: Ball
1-0: Swinging Strike
1-1: Ball
2-1: Ball
3-1: Swinging Strike
3-2: Ground out 5-3 (Groundball, 56, EV 102.5 MPH)
Batting: RHB Mike Zunino 0-0: Swinging Strike
0-1: Swinging Strike
0-2: Strikes out swinging
Bottom of the 4th over - 1 run, 1 hit, 0 errors, 0 left on base; Oakland 0 - Los Angeles 4
TOP OF THE 5TH
Oakland Athletics batting - Pitching for Los Angeles Angels : RHP Stephen Strasburg
Batting: RHB Jose Abreu 0-0: Ball
1-0: Called Strike
1-1: Swinging Strike
1-2: Ball
2-2: Ball
3-2: Foul Ball, location: 2F
3-2: SINGLE (Groundball, 56D, EV 101.9 MPH)
Batting: LHB Cory Spangenberg 0-0: Ball
1-0: Called Strike
1-1: Swinging Strike
1-2: Ball
2-2: Strikes out swinging
Batting: LHB Steven Duggar 0-0: Ball
1-0: DOUBLE (Line Drive, 9LD, EV 103.1 MPH)
Jose Abreu to third
Batting: RHB Kurt Suzuki 0-0: Ball
1-0: Ball
2-0: Called Strike
2-1: Foul Ball, location: 2F
2-2: Strikes out swinging
Batting: LHB Shin-Soo Choo 0-0: Called Strike
0-1: Ball
1-1: Ball
2-1: SINGLE (Flyball, 7LS, EV 96.3 MPH)
Jose Abreu scores
Steven Duggar to third
Batting: RHB Mark Canha 0-0: SINGLE (Groundball, 4, EV 84.4 MPH) (infield hit)
Steven Duggar scores
Shin-Soo Choo to second
Batting: SHB Eduardo Escobar 0-0: Called Strike
0-1: Ball
1-1: Foul Ball, location: 2F
1-2: Strikes out looking
Top of the 5th over - 2 runs, 4 hits, 0 errors, 2 left on base; Oakland 2 - Los Angeles 4
BOTTOM OF THE 5TH
Los Angeles Angels batting - Pitching for Oakland Athletics : RHP Mike Leake
Batting: LHB Kevin Kiermaier 0-0: Ball
1-0: Ball
2-0: Foul Ball, location: 2F
2-1: Ball
3-1: Fly out, F9 (Flyball, 9S, EV 91.3 MPH)
Batting: LHB Nick Markakis 0-0: Foul Ball, location: 2F
0-1: Ball
1-1: Ground out 5-3 (Groundball, 56, EV 103.8 MPH)
Batting: RHB Wil Myers 0-0: Ball
1-0: Ball
2-0: Ball
3-0: Called Strike
3-1: Foul Ball, location: 2F
3-2: Foul Ball, location: 2F
3-2: Ground out 6-3 (Groundball, 56, EV 109.4 MPH)
Bottom of the 5th over - 0 runs, 0 hits, 0 errors, 0 left on base; Oakland 2 - Los Angeles 4
TOP OF THE 6TH
Oakland Athletics batting - Pitching for Los Angeles Angels : RHP Stephen Strasburg
Batting: LHB Didi Gregorius 0-0: Foul Ball, location: 2F
0-1: Called Strike
0-2: Foul Ball, location: 2F
0-2: Strikes out swinging
Batting: RHB Rhys Hoskins 0-0: Fly out, F8 (Flyball, 8LM, EV 93.1 MPH)
Batting: RHB Jose Abreu 0-0: Called Strike
0-1: Called Strike
0-2: Strikes out swinging
Top of the 6th over - 0 runs, 0 hits, 0 errors, 0 left on base; Oakland 2 - Los Angeles 4
BOTTOM OF THE 6TH
Los Angeles Angels batting - Pitching for Oakland Athletics : RHP Mike Leake
Batting: RHB Trevor Story 0-0: Called Strike
0-1: Reached on error, E4 (Popup, 23, EV 92.5 MPH)
Batting: RHB Wilmer Flores 0-0: Ball
1-0: Called Strike
1-1: Ball
Trevor Story steals 2nd base
2-1: Foul Ball, location: 2F
2-2: Foul Ball, location: 2F
2-2: Foul Ball, location: 2F
2-2: Ground out 6-3 (Groundball, 6, EV 106.9 MPH)
Batting: LHB Joey Wendle 0-0: Ball
1-0: Called Strike
1-1: Ball
2-1: Foul Ball, location: 2F
2-2: Ground out 5-3 (Groundball, 56S, EV 90.6 MPH)
Pitching: RHP Michael Feliz
Batting: RHB Evan Longoria 0-0: Ball
1-0: Ball
2-0: Ball
3-0: Base on Balls
Batting: RHB Tyler Austin 0-0: Swinging Strike
0-1: Ball
1-1: Swinging Strike
1-2: Strikes out looking
Bottom of the 6th over - 0 runs, 0 hits, 1 error, 2 left on base; Oakland 2 - Los Angeles 4
TOP OF THE 7TH
Oakland Athletics batting - Pitching for Los Angeles Angels : RHP Stephen Strasburg
Batting: LHB Cory Spangenberg 0-0: Fly out, F7 (Flyball, 78S, EV 85.6 MPH)
Batting: LHB Steven Duggar 0-0: Called Strike
0-1: Ball
1-1: Foul Ball, location: 2F
1-2: Strikes out swinging
Batting: RHB Kurt Suzuki 0-0: Ball
1-0: Ball
2-0: Swinging Strike
2-1: Called Strike
2-2: Foul Ball, location: 2F
2-2: Ground out 4-3 (Groundball, 4S, EV 88.8 MPH)
Top of the 7th over - 0 runs, 0 hits, 0 errors, 0 left on base; Oakland 2 - Los Angeles 4
BOTTOM OF THE 7TH
Los Angeles Angels batting - Pitching for Oakland Athletics : RHP Michael Feliz
Batting: RHB Mike Zunino 0-0: Foul Ball, location: 2F
0-1: Ball
1-1: Ball
2-1: Ball
3-1: Foul Ball, location: 2F
3-2: Fly out, F8 (Flyball, 8LD, EV 95.0 MPH)
Batting: LHB Kevin Kiermaier 0-0: Called Strike
0-1: Ball
1-1: Swinging Strike
1-2: Strikes out swinging
Batting: LHB Nick Markakis 0-0: Ball
1-0: Ball
2-0: Ball
3-0: Base on Balls
Batting: RHB Wil Myers 0-0: Ball
1-0: Swinging Strike
1-1: Swinging Strike
1-2: Ball
2-2: Strikes out looking
Bottom of the 7th over - 0 runs, 0 hits, 0 errors, 1 left on base; Oakland 2 - Los Angeles 4
TOP OF THE 8TH
Oakland Athletics batting - Pitching for Los Angeles Angels : RHP Stephen Strasburg
Batting: LHB Shin-Soo Choo 0-0: Ball
1-0: Ball
2-0: Called Strike
2-1: Swinging Strike
2-2: Foul Ball, location: 2F
2-2: Strikes out looking
Batting: RHB Mark Canha 0-0: Called Strike
0-1: Called Strike
0-2: Fly out, F8 (Line Drive, 8LD, EV 100.0 MPH)
Batting: SHB Eduardo Escobar 0-0: Called Strike
0-1: Ball
1-1: Fly out, F7 (Flyball, 7S, EV 86.9 MPH)
Top of the 8th over - 0 runs, 0 hits, 0 errors, 0 left on base; Oakland 2 - Los Angeles 4
BOTTOM OF THE 8TH
Los Angeles Angels batting - Pitching for Oakland Athletics : RHP Michael Feliz
Pitching: RHP Blake Parker
Batting: RHB Trevor Story 0-0: Ball
1-0: Ball
2-0: Called Strike
2-1: Ball
3-1: Fly out, F7 (Flyball, 78M, EV 96.9 MPH)
Batting: RHB Wilmer Flores 0-0: Ball
1-0: Called Strike
1-1: Foul Ball, location: 2F
1-2: Foul Ball, location: 2F
1-2: Ball
2-2: Foul Ball, location: 2F
2-2: Foul Ball, location: 2F
2-2: Ball
3-2: Fly out, F7 (Flyball, 78XD, EV 101.9 MPH)
Batting: LHB Joey Wendle 0-0: Ground out 5-3 (Groundball, 56S, EV 86.3 MPH)
Bottom of the 8th over - 0 runs, 0 hits, 0 errors, 0 left on base; Oakland 2 - Los Angeles 4
TOP OF THE 9TH
Oakland Athletics batting - Pitching for Los Angeles Angels : RHP Stephen Strasburg
Pitching: LHP Aroldis Chapman
Batting: LHB Didi Gregorius 0-0: Ball
1-0: Ball
2-0: Ball
3-0: Called Strike
3-1: Base on Balls
Batting: RHB Rhys Hoskins 0-0: Ball
1-0: Foul Ball, location: 2F
1-1: Foul Ball, location: 2F
1-2: Ball
2-2: Ball
3-2: Foul Ball, location: 2F
3-2: Base on Balls
Didi Gregorius to second
Batting: RHB Jose Abreu 0-0: Foul Ball, location: 2F
0-1: Ball
1-1: SINGLE (Groundball, 6D, EV 100.0 MPH)
Didi Gregorius to third
Rhys Hoskins to second
Pitching: RHP Jeurys Familia
Batting: LHB Cory Spangenberg 0-0: Ball
1-0: Ball
2-0: Ball
3-0: Base on Balls
Didi Gregorius scores
Rhys Hoskins to third
Jose Abreu to second
Batting: LHB Steven Duggar 0-0: Swinging Strike
0-1: Ball
1-1: Swinging Strike
1-2: Foul Ball, location: 2F
1-2: Foul Ball, location: 2F
1-2: Ball
2-2: Foul Ball, location: 2F
2-2: Ball
3-2: Foul Ball, location: 2F
3-2: Strikes out swinging
Batting: RHB Kurt Suzuki 0-0: DOUBLE (Line Drive, 89M, EV 109.4 MPH)
Rhys Hoskins scores
Jose Abreu scores
Cory Spangenberg to third
Pitching: LHP Luis Avilan
Batting: LHB Shin-Soo Choo 0-0: Ball
1-0: Swinging Strike
1-1: Swinging Strike
1-2: Ball
2-2: Ball
3-2: Strikes out swinging
Batting: RHB Mark Canha 0-0: Called Strike
0-1: Foul Ball, location: 2F
0-2: Ball
1-2: Ball
2-2: Strikes out swinging
Top of the 9th over - 3 runs, 2 hits, 0 errors, 2 left on base; Oakland 5 - Los Angeles 4
BOTTOM OF THE 9TH
Los Angeles Angels batting - Pitching for Oakland Athletics : RHP Blake Parker
Pitching: LHP Aaron Bummer
Now in LF: Mac Williamson
Batting: RHB Evan Longoria 0-0: Ball
1-0: Foul Ball, location: 2F
1-1: Ball
2-1: Foul Ball, location: 2F
2-2: Strikes out looking
Batting: RHB Tyler Austin 0-0: Called Strike
0-1: Ball
1-1: Foul Ball, location: 2F
1-2: Ball
2-2: Strikes out looking
Batting: RHB Mike Zunino 0-0: Called Strike
0-1: Swinging Strike
0-2: Strikes out swinging
Bottom of the 9th over - 0 runs, 0 hits, 0 errors, 0 left on base; Oakland 5 - Los Angeles 4
Friday, January 3rd, 2020 - OOTP Baseball 20.8 Build 73